 Dungeon Crawl Stone Soup version 0.29.0-7-g18a832c13a (webtiles) character file.

Game seed: 13045972174268016768

271 LynnLen the Magician (level 6, -2/28 HPs)
             Began as a Spriggan Conjurer on Aug 30, 2022.
             Shot with an arrow by a centaur (13 damage)
             ... on level 4 of the Dungeon.
             The game lasted 00:19:40 (5186 turns).

LynnLen the Magician (Spriggan Conjurer)            Turns: 5186, Time: 00:19:41

Health: -2/28      AC:  3    Str:  3    XL:     6   Next: 2%
Magic:  15/15      EV: 17    Int: 21    God:
Gold:   327        SH:  0    Dex: 14    Spells: 6/16 levels left

rFire   . . .      SeeInvis +   j - +2 dagger (venom)
rCold   . . .      Faith    .   (no shield)
rNeg    . . .      Spirit   .   a - +0 robe
rPois   .          Reflect  .   (helmet restricted)
rElec   .          Harm     .   i - +0 cloak
rCorr   .          Rampage  .   (gloves unavailable)
Will    +....                   (boots unavailable)
Stlth   ++........              (no amulet)
HPRegen 0.09/turn               (no ring)
MPRegen 0.14/turn               (no ring)

@: very quick
A: very small, no large weapons, unfitting armour, see invisible, speed 3
a: no special abilities


You were on level 4 of the Dungeon.
You visited 1 branch of the dungeon, and saw 4 of its levels.

You collected 327 gold pieces.

Inventory:

Hand Weapons
 j - a +2 dagger of venom (weapon)
Armour
 a - a +0 robe (worn)
 i - a +0 cloak (worn)
Wands
 p - a wand of iceblast (2)
Scrolls
 c - 2 scrolls of amnesia
 e - 2 scrolls of fear {unknown}
 g - a scroll of teleportation
 h - a scroll of brand weapon {unknown}
 l - a scroll of magic mapping {unknown}
 m - a scroll of vulnerability {unknown}
 q - a scroll of identify
 r - a scroll of poison {unknown}
Potions
 b - a potion of magic
 d - 3 potions of attraction
 f - a potion of might
 k - a potion of heal wounds {unknown}
 n - a potion of berserk rage {unknown}
 o - a potion of lignification {unknown}


   Skills:
 - Level 2.6 Dodging
 - Level 3.0 Stealth
 + Level 5.7 Spellcasting
 - Level 4.0 Conjurations
 + Level 2.5 Hexes


You had 6 spell levels left.
You knew the following spells:

 Your Spells              Type           Power      Damage    Failure   Level
a - Magic Dart            Conj           92%        1d7       1%          1
b - Searing Ray           Conj           46%        2d6       3%          2
c - Fulminant Prism       Conj/Hex       9%         3d7       26%         4
d - Confusing Touch       Hex            16%        N/A       11%         3

Your spell library contained the following spells:

 Spells                   Type           Power      Damage    Failure   Level
 Slow                     Hex            64%        N/A       3%          1
 Dazzling Flash           Conj/Hex       38%        N/A       8%          3
 Tukima's Dance           Hex            16%        N/A       11%         3
 Summon Guardian Golem    Hex/Summ       11%        N/A       19%         3
 Frozen Ramparts          Ice            12%        1d2       30%         3
 Vampiric Draining        Necr           6%         2d6       30%         3
 Iskenderun's Mystic Bla  Conj/Tloc      14%        2d5       41%         4
 Ice Form                 Ice/Tmut       6%         N/A       69%         4
 Passage of Golubria      Tloc           6%         N/A       69%         4
 Summon Ice Beast         Ice/Summ       6%         N/A       69%         4
 Yara's Violent Unravell  Hex/Tmut       5%         3d4       86%         5
 Orb of Destruction       Conj           11%        9d6       100%        7
 Spellforged Servitor     Conj/Summ      7%         N/A       100%        7


Dungeon Overview and Level Annotations

Branches:
Dungeon (4/15)
 Temple: D:4-7

Altars:
Xom

Shops:
D:2 [   D:3 *


Innate Abilities, Weirdness & Mutations

You are very small and have problems with some larger weapons.
You are too small for most types of armour.
You have supernaturally acute eyesight. (SInv)
You cover ground extremely quickly. (Speed+++)


Message History

Press: ? - help, Q - select action, (/) - cycle Shift-Dir - straight line, f/p - orc priest
Aim: an orc priest, wielding a +0 club (severely wounded, 100% to hit)
The magic dart hits the orc priest.
The orc priest is almost dead.
The orc priest calls down the wrath of Beogh upon you.
Beogh smites you!
Ouch! That really hurt!
Aiming: Magic Dart (safe; 1% risk of failure)
Press: ? - help, Q - select action, (/) - cycle Shift-Dir - straight line, f/p - orc priest
Aim: an orc priest, wielding a +0 club (almost dead, 100% to hit)
The magic dart hits the orc priest.
You kill the orc priest!
You have reached level 6!
You start resting.
Magic restored.
You start resting.
HP restored.
Okay, then.
r - a scroll labelled YHYZIF WAEQUU You now have 327 gold pieces (gained 19).
You see here a +0 club.
Aiming: Magic Dart (safe; 1% risk of failure)
Press: ? - help, Q - select action, (/) - cycle Shift-Dir - straight line, f - centaur
Aim: a centaur (asleep, 100% to hit)
The magic dart hits the centaur but does no damage.
The centaur shouts!
The centaur wields a +0 shortbow.
The centaur shoots an arrow.
The arrow barely misses you.
Aiming: Magic Dart (safe; 1% risk of failure)
Press: ? - help, Q - select action, (/) - cycle Shift-Dir - straight line, f/p - centaur
Aim: a centaur, wielding a +0 shortbow (100% to hit)
The magic dart hits the centaur but does no damage.
The centaur shoots an arrow.
The arrow hits you!
Unknown command.
The centaur shoots an arrow.
The arrow misses you.
You see here a +0 long sword.
The centaur shoots an arrow.
The arrow hits you.
There is a stone staircase leading up here.
The centaur shoots an arrow.
The arrow hits you!
You die...

#.# #.### ####... #.# #...#
#...... #######.### ###.#
#.###.. ..##......# #.# ##.#
##. ........#.# #.###..# ##
..........## #..##)##
...........############.##.#
.........#.#........)..c...#
........##.#..).@.....#..###
>.#.....##.#..........##..#
####.##.##............###.#
#.##..##...........# #.#
####.#................###.#
..#....#.......####.....#.#
..#..########...# #####.#.#
....## ##....## #.#c# ..###
###..##..# #.#.#


You could see a centaur.

Vanquished Creatures
  2 jellies (D:3)
  2 orc priests (D:4)
  3 gnolls (D:4)
  4 adders
  A worm (D:3)
  An orc (D:4)
  10 ball pythons
  9 endoplasms
  2 giant cockroaches
  6 goblins
  7 hobgoblins
  An iguana (D:3)
  3 jackals (D:1)
  3 quokkas
  6 bats
  3 frilled lizards
  13 kobolds
  7 rats
83 creatures vanquished.

Notes
Turn   | Place    | Note
-------+----------+-------------------------------------------
     0 | D:1      | LynnLen the Spriggan Conjurer began the quest for the Orb.
     0 | D:1      | Reached XP level 1. HP: 9/9 MP: 5/5
   484 | D:1      | Reached skill level 3 in Spellcasting
   518 | D:1      | Reached XP level 2. HP: 13/13 MP: 0/7
   521 | D:1      | Learned a level 2 spell: Searing Ray
  1130 | D:1      | Reached XP level 3. HP: 16/16 MP: 3/9
  1791 | D:2      | Found Nuihomue's Armour Shoppe.
  2026 | D:2      | Reached skill level 4 in Spellcasting
  2505 | D:2      | Reached XP level 4. HP: 21/21 MP: 7/11
  3136 | D:3      | Reached skill level 5 in Spellcasting
  3136 | D:3      | Reached XP level 5. HP: 24/24 MP: 8/13
  3141 | D:3      | Learned a level 4 spell: Fulminant Prism
  3151 | D:3      | Learned a level 3 spell: Confusing Touch
  3662 | D:3      | Found a shimmering altar of Xom.
  3710 | D:3      | Found Oppih's Assorted Antiques.
  4084 | D:4      | Reached skill level 1 in Hexes
  4388 | D:4      | Noticed a centaur
  5000 | D:4      | Reached XP level 6. HP: 15/28 MP: 10/15
  5186 | D:4      | Shot with an arrow by a centaur

Illustrated notes

Levels and vault maps discovered:
D:1:      dpeg_arrival_simpleton_a, layout_basic,
          nicolae_concentric_dashed_squares_wild, nicolae_figureground_pulse
D:2:      layout_loops_corners, serial_shops, nicolae_shop_behind_doors
D:3:      layout_basic, dk_xom_monty_hall, serial_shops, shop,
          patterned_corridor
D:4:      layout_rooms, minmay_temple_entry_fiery

Skill      XL: |  1  2  3  4  5 |
---------------+----------------+-----
Conjurations   | 3 4 |  4.0
Spellcasting   | 3 4 5 |  5.7
Hexes          | 2 |  2.5
Dodging        | |  2.6
Stealth        | |  3.0

Action                   |  1- 3 |  4- 6 || total
-------------------------+-------+-------++-------
Melee: Unarmed           |    18 |       ||    18
       Dagger            |       |     5 ||     5
 Cast: Magic Dart        |    93 |    98 ||   191
  Use: Scroll            |     2 |     4 ||     6
 Stab: Sleeping          |     1 |     2 ||     3
Armor: Robe              |     7 |     1 ||     8
Dodge: Dodged            |    38 |     5 ||    43
